 Dungeon Crawl Stone Soup version 0.30.1-4-g462c640d31 (webtiles) character file.

Game seed: 10427969945935838072

45 Bobit the Slasher (level 3, 0/7 (31) HPs)
             Began as a Gnoll Reaver on Aug 13, 2023.
             Frozen to death by an endoplasm (5 damage)
             ... on level 2 of the Dungeon.
             The game lasted 00:01:26 (865 turns).

Bobit the Slasher (Gnoll Reaver)                     Turns: 865, Time: 00:01:27

HP:   0/7 (31)      AC:  3    Str: 11    XL:     3   Next: 64%
MP:   9/9           EV: 13    Int: 12    God:
Gold: 70            SH:  0    Dex: 12    Spells: 11/12 levels left

rFire   . . .        a - +0 falchion
rCold   . . .        (no shield)
rNeg    . . .        b - +0 leather armour
rPois   .            (no helmet)
rElec   .            (no cloak)
rCorr   .            (no gloves)
SInv    .            (no boots)
Will    .....        (no amulet)
Stlth   +            (no ring)
HPRegen 0.21/turn    (no ring)
MPRegen 0.11/turn

%: no passive effects
@: extremely drained
A: fangs 1, strong nose, distributed training
a: no special abilities


You were on level 2 of the Dungeon.
You visited 1 branch of the dungeon, and saw 2 of its levels.

You collected 70 gold pieces.

Inventory:

Hand Weapons
 a - a +0 falchion (weapon)
Armour
 b - a +0 leather armour (worn)
Wands
 h - a wand of mindburst (7)
Scrolls
 c - a scroll of summoning {unknown}
 d - a scroll of poison {unknown}
 g - a scroll of teleportation {unknown}
Potions
 e - 2 potions of magic {unknown}
 f - 2 potions of attraction {unknown}


   Skills:
 + Level 4.6 Fighting
 + Level 1.0 Short Blades
 + Level 6.5 Long Blades
 + Level 1.0 Axes
 + Level 1.0 Maces & Flails
 + Level 1.0 Polearms
 + Level 1.0 Staves
 + Level 1.0 Ranged Weapons
 + Level 1.0 Throwing
 + Level 1.0 Armour
 + Level 4.6 Dodging
 + Level 1.0 Stealth
 + Level 1.0 Shields
 + Level 1.0 Unarmed Combat
 + Level 5.0 Spellcasting
 + Level 5.4 Conjurations
 + Level 0.7 Hexes
 + Level 0.7 Summonings
 + Level 0.7 Necromancy
 + Level 0.7 Translocations
 + Level 0.7 Transmutations
 + Level 0.7 Fire Magic
 + Level 0.7 Ice Magic
 + Level 0.7 Air Magic
 + Level 0.7 Earth Magic
 + Level 0.7 Poison Magic
 + Level 1.0 Invocations
 + Level 1.0 Evocations


You had 11 spell levels left.
You knew the following spells:

 Your Spells              Type           Power      Damage    Failure   Level
a - Kiss of Death         Conj/Necr      40%        2d8       8%          1

Your spell library contained the following spells:

 Spells                   Type           Power      Damage    Failure   Level
 Momentum Strike          Conj/Tloc      20%        3d8       11%         2
 Slow                     Hex            16%        N/A       21%         1
 Hailstorm                Conj/Ice       10%        3d5       22%         3
 Confusing Touch          Hex            4%         N/A       52%         3
 Vampiric Draining        Necr           4%         2d6       52%         3


Dungeon Overview and Level Annotations

Branches:
Dungeon (2/15)

Altars:


Innate Abilities, Weirdness & Mutations

You have very sharp teeth.
Your uncanny sense of smell can sniff out nearby items.
Your experience applies equally to all skills.


Message History

No target in view!
No target in view!
No target in view!
No target in view!
No target in view!
No target in view!
No target in view!
No target in view!
No target in view!
A hobgoblin comes into view.
Found a murky white potion.
The hobgoblin shouts!
A hobgoblin is nearby!
An endoplasm comes into view.
The endoplasm quivers.
A giant cockroach comes into view.
Found a purple potion.
You barely miss the hobgoblin. You bite the hobgoblin.
The hobgoblin is lightly wounded.
The hobgoblin hits you but does no damage.
You slash the hobgoblin!
You kill the hobgoblin!
Your Short Blades skill increases to level 1!
Your Axes skill increases to level 1!
Your Maces & Flails skill increases to level 1!
Your Polearms skill increases to level 1!
Your Staves skill increases to level 1!
Your Ranged Weapons skill increases to level 1!
Your Throwing skill increases to level 1!
Your Armour skill increases to level 1!
Your Stealth skill increases to level 1!
Your Shields skill increases to level 1!
Your Unarmed Combat skill increases to level 1!
Your Evocations skill increases to level 1!
Unknown command.
You hit the endoplasm but do no damage. The giant cockroach bites you.
The endoplasm freezes you.
You are frozen.
Ouch! That really hurt!
You die...

....... .......
##.!..... .........
###........
#####..........
....!..JB...... #@#
####.#######
#..........##
#............##
#..............######
#....................
#.............>######
#..............#
#..............###


You could see an endoplasm and a giant cockroach.

Vanquished Creatures
  An adder (D:2)
  2 dart slugs (D:2)
  5 endoplasms
  A giant cockroach (D:1)
  5 goblins
  2 hobgoblins
  4 ball pythons
  2 frilled lizards
  6 kobolds
  3 rats (D:1)
31 creatures vanquished.

Notes
Turn   | Place    | Note
-------+----------+-------------------------------------------
     0 | D:1      | Bobit the Gnoll Reaver began the quest for the Orb.
     0 | D:1      | Reached XP level 1. HP: 20/20 MP: 6/6
   129 | D:1      | Reached XP level 2. HP: 26/26 MP: 7/7
   739 | D:2      | Reached skill level 5 in Spellcasting
   739 | D:2      | Reached XP level 3. HP: 22/31 MP: 7/9
   745 | D:2      | Reached skill level 1 in Invocations
   865 | D:2      | Reached skill level 1 in Short Blades
   865 | D:2      | Reached skill level 1 in Axes
   865 | D:2      | Reached skill level 1 in Maces & Flails
   865 | D:2      | Reached skill level 1 in Polearms
   865 | D:2      | Reached skill level 1 in Staves
   865 | D:2      | Reached skill level 1 in Ranged Weapons
   865 | D:2      | Reached skill level 1 in Throwing
   865 | D:2      | Reached skill level 1 in Armour
   865 | D:2      | Reached skill level 1 in Stealth
   865 | D:2      | Reached skill level 1 in Shields
   865 | D:2      | Reached skill level 1 in Unarmed Combat
   865 | D:2      | Reached skill level 1 in Evocations
   865 | D:2      | Frozen to death by an endoplasm

Illustrated notes

Levels and vault maps discovered:
D:1:      eino_arrival_water_cross, layout_loops_ring, st_stairs_14,
          nicolae_figureground_sparkle
D:2:      layout_rooms, nicolae_wormholes

Skill      XL: |  1  2  3 |
---------------+----------+-----
Spellcasting   | 5 |  5.0
Invocations    | 1 |  1.0
Short Blades   | 1 |  1.0
Axes           | 1 |  1.0
Maces & Flails | 1 |  1.0
Polearms       | 1 |  1.0
Staves         | 1 |  1.0
Ranged Weapons | 1 |  1.0
Throwing       | 1 |  1.0
Armour         | 1 |  1.0
Stealth        | 1 |  1.0
Shields        | 1 |  1.0
Unarmed Combat | 1 |  1.0
Evocations     | 1 |  1.0
Fighting       | |  4.6
Long Blades    | |  6.5
Dodging        | |  4.6
Conjurations   | |  5.4
Hexes          | |  0.7
Summonings     | |  0.7
Necromancy     | |  0.7
Translocations | |  0.7
Transmutations | |  0.7
Fire Magic     | |  0.7
Ice Magic      | |  0.7
Air Magic      | |  0.7
Earth Magic    | |  0.7
Poison Magic   | |  0.7

Action                     || total
---------------------------++-------
  Melee: Falchion          ||    84
         Bite              ||     7
   Cast: Kiss of Death     ||     5
   Stab: Sleeping          ||     2
 Armour: Leather armour    ||    23
  Dodge: Dodged            ||    53
